 Dungeon Crawl Stone Soup version 0.27.0 (webtiles) character file.

Game seed: 15413964124534803457

257923 mhtbhm the Executioner (level 19, -5/184 HPs)
             Began as a Minotaur Berserker on July 30, 2021.
             Was a High Priest of Trog.
             Slain by a white ugly thing (33 damage)
             ... led by a wizard
             ... on level 4 of the Vaults.
             The game lasted 01:01:14 (50543 turns).

mhtbhm the Executioner (Minotaur Berserker)        Turns: 50543, Time: 01:01:16

Health: -5/184     AC: 47    Str: 31    XL:     19   Next: 11%
Magic:  18/18      EV: 11    Int:  7    God:    Trog [*****.]
Gold:   2469       SH:  5    Dex: 11    Spells: 18/18 levels left

rFire    . . .     SeeInvis .   a - +11 executioner's axe "Icwemm" {protect, Fly rPois Dex-5}
rCold    . . .     Faith    .   (shield currently unavailable)
rNeg     + . .     Spirit   .   b - +7 plate armour of Liberty {Drain Int+4 Dex+3}
rPois    +         Reflect  +   (helmet restricted)
rElec    .         Harm     .   W - +2 ratskin cloak {*Rats rPois rN+ Str-1 Int-1 Dex+1}
rCorr    .         Rampage  .   M - +2 pair of gloves
Will     +....                  P - +2 pair of boots
Stlth    ..........             V - amulet of reflection
HPRegen  0.40/turn              K - +4 ring of slaying
MPRegen  0.16/turn              T - ring "Huaxeple" {AC+4 Str+4}

@: marked, under a protective aura, on berserk cooldown, flying, slowed,
studying 3 skills, very slow
A: horns 2, retaliatory headbutt, subdued magic 1
}: 2/15 runes: barnacled, gossamer
a: Renounce Religion, Berserk, Trog's Hand, Brothers in Arms


You were on level 4 of the Vaults.
You worshipped Trog.
Trog was extremely pleased with you.
You visited 6 branches of the dungeon, and saw 32 of its levels.
You visited the Abyss 1 time.
You also visited: Sewer and Volcano.

You collected 4710 gold pieces.
You spent 2241 gold pieces at shops.

Inventory:

Hand Weapons
 a - the +11 executioner's axe "Icwemm" (weapon) {protect, Fly rPois Dex-5}
   (You acquired it on level 10 of the Dungeon)

   It grants its wielder temporary protection when it strikes (+7 to AC).
   Dex:       It affects your dexterity (-5).
   rPois:     It protects you from poison.
   Fly:       It grants you flight.
 D - a +0 morningstar of holy wrath
Missiles
 J - a throwing net
 S - 18 silver javelins (quivered)
Armour
 b - the +7 plate armour of Liberty (worn) {Drain Int+4 Dex+3}
   (You found it on level 1 of the Lair of Beasts)

   Int:       It affects your intelligence (+4).
   Dex:       It affects your dexterity (+3).
   Drain:     It drains your maximum health when unequipped.
 M - a +2 pair of gloves (worn)
 P - a +2 pair of boots (worn)
 Q - the -1 pair of gloves of Xuebb {rN+}
   (You found it on level 1 of the Shoals)

   rN:        It protects you from negative energy.
 W - the +2 ratskin cloak (worn) {*Rats rPois rN+ Str-1 Int-1 Dex+1}
   (You found it on level 4 of the Shoals)

   When the wearer is hurt, rats may emerge from it to assist them.
   Str:       It affects your strength (-1).
   Int:       It affects your intelligence (-1).
   Dex:       It affects your dexterity (+1).
   rPois:     It protects you from poison.
   rN:        It protects you from negative energy.
Jewellery
 l - a ring of protection from fire
 w - an amulet of faith
 H - a ring of resist corrosion
 I - the ring of the Worm {rC+ MP+9}
   (You found it on level 3 of the Abyss)

   [ring of magical power]

   rC:        It protects you from cold.
   MP:        It affects your magic capacity (+9).
 K - a +4 ring of slaying (left hand)
 T - the ring "Huaxeple" (right hand) {AC+4 Str+4}
   (You bought it in a shop on level 3 of the Shoals)

   [ring of protection]

   AC:        It affects your AC (+4).
   Str:       It affects your strength (+4).
 V - an amulet of reflection (around neck)
 Y - a ring of see invisible
Wands
 o - a wand of acid (45)
 q - a wand of flame (65)
 z - a wand of mindburst (12)
 E - a wand of polymorph (13)
 F - a wand of paralysis (21)
 G - a wand of charming (12)
 L - a wand of digging (7)
 N - a wand of iceblast (10)
Scrolls
 c - 9 scrolls of teleportation
 e - 7 scrolls of identify
 f - 5 scrolls of enchant armour
 k - 2 scrolls of silence
 m - 2 scrolls of blinking
 p - 7 scrolls of magic mapping
 r - 3 scrolls of holy word
 s - 3 scrolls of enchant weapon
 u - a scroll of fear
 O - 3 scrolls of brand weapon
 R - 2 scrolls of immolation
Potions
 d - 2 potions of heal wounds
 h - 7 potions of curing
 i - 14 potions of ambrosia
 j - 3 potions of mutation
 n - 5 potions of cancellation
 v - 2 potions of invisibility
 x - 4 potions of flight
 A - 8 potions of might
 B - 5 potions of attraction
 C - 2 potions of haste
Miscellaneous
 g - a lightning rod (4/4)
 t - a box of beasts
 y - a tin of tremorstones (2/2)


   Skills:
 + Level 19.8 Fighting
 - Level 26.1 Axes
 + Level 0.1 Throwing
 * Level 18.3 Armour
 + Level 8.5 Dodging
 - Level 3.7 Stealth
 + Level 1.4 Shields
 * Level 7.0 Evocations


You had 18 spell levels left.
You didn't know any spells.
Your spell library was empty.

Dungeon Overview and Level Annotations

Branches:
Dungeon (13/15)            Temple (0/1) D:7            Lair (6/6) D:11
 Shoals (4/4) Lair:3       Spider (4/4) Lair:4        Slime (0/5) Lair:6
    Orc (2/2) D:12            Elf (0/3) Orc:2        Vaults (2/5) D:13
  Crypt (0/3) Vaults:2      Sewer (visited)         Volcano (visited)

Altars:
Ashenzari
Cheibriados
Dithmenos
Fedhas
Gozag
Kikubaaqudgha
Makhleb
Qazlal
Xom
Yredelemnul
Jiyva

Shops:
D:2 :   D:5 :[*!   D:10 *   Orc:2 (**(   Shoals:3 =   Shoals:4 :   Vaults:1 :

Annotations:
Vaults:2 28 runed doors, Nikola
Vaults:4 Mennas


Innate Abilities, Weirdness & Mutations

You have a pair of horns on your head.
You reflexively headbutt those who attack you in melee.
Your spells are a little easier to cast, but a little less powerful.


Message History

The wizard closely misses you.
Found a potion of lignification.
Unknown command.
You cut the white ugly thing into ribbons!!!
Your weapon exudes an aura of protection.
The white ugly thing is almost dead.
You slash the wizard! You slice the green ugly thing!!
You slice the white ugly thing!!
The white ugly thing closely misses you.
You block the white ugly thing's attack.
The green ugly thing punches you!
* * * LOW HITPOINT WARNING * * *
The wizard hits you but does no damage.
Unknown command.
Unknown command.
You feel much better. The white ugly thing kicks you.
The white ugly thing freezes you!!
* * * LOW HITPOINT WARNING * * *
The white ugly thing closely misses you.
The green ugly thing punches you but does no damage.
You block the wizard's attack.
The white ugly thing basks in the mutagenic energy from its kin and changes!
The white ugly thing barely misses you. You furiously retaliate!
You headbutt the white ugly thing!
The green ugly thing closely misses you.
You furiously retaliate!
You headbutt the green ugly thing!
You cut the green ugly thing into ribbons!!!
You kill the green ugly thing!
Trog accepts your kill.
You slice the wizard!! You slash the green ugly thing!
You hit the white ugly thing but do no damage.
The wizard closely misses you. You furiously retaliate!
You headbutt the wizard!
You kill the wizard!
Trog accepts your kill.
Trog appreciates your killing of a magic user.
The white ugly thing kicks you.
* * * LOW HITPOINT WARNING * * *
The white ugly thing freezes you!!
You die...

#########
#....(..#
#.......#
#.......#
#.......#
#.......#
#.......#
#########
#.รท(....#
#.)....!.
++###)######
#@u......
....c))).#
#.u......
......)..#
#........
#.#A###..#
#........ #
#. ...#
#........ #.
#..#
#........ ..
...#
#........ #p
#..#
######### #.
...#


You could see 2 ugly things.

Vanquished Creatures
  Arachne (Spider:1)
  A quicksilver dragon (Abyss:3)
  2 acid blobs (Lair:6)
  An Executioner (Abyss:3)
  A tentacled starspawn (Abyss:3)
  A kraken (Shoals:2)
  The ghost of Cedruin the Warrior, an adept DrAr of Okawaru (Shoals:1)
  A sphinx (Vaults:1)
  Donald (Shoals:1)
  2 orc warlords (Vaults:1)
  2 vault wardens (Vaults:4)
  5 ghost moths
  8 emperor scorpions
  2 ironbound preservers
  The ghost of Persephone the Spear-Bearer, a journeyman MiFi of Yredelemnul (Lair:2)
  2 dire elephants (Vaults:1)
  4 spark wasps
  3 entropy weavers
  2 merfolk javelineers
  Josephine (Shoals:1)
  Fannar (D:12)
  6 merfolk impalers
  A shambling mangrove (Lair:4)
  3 yaktaur captains (Vaults:1)
  4 ironbound thunderhulks
  2 great orbs of eyes (Vaults:1)
  4 boulder beetles
  4 catoblepae
  An ogre mage (Orc:2)
  A ghost crab (Abyss:3)
  11 hydras
  3 merfolk avatars
  6 merfolk aquamancers
  2 ironbound frosthearts
  5 centaur warriors
  3 alligator snapping turtles
  2 dancing weapons (D:13)
  3 satyrs
  3 ironbound beastmasters (Vaults:1)
  10 death yaks
  4 two-headed ogres
  3 orc high priests (Orc:2)
  A hell knight (Volcano)
  A fire crab (Abyss:3)
  A wretched star (Abyss:3)
  A storm dragon skeleton (Abyss:3)
  3 deep trolls (Vaults:2)
  16 sea snakes
  A spatial maelstrom (Abyss:3)
  9 starcursed masses (Abyss:3)
  5 ironbound convokers
  3 wizards
  Pikel (D:7)
  15 harpies
  A lindwurm (Vaults:1)
  9 orc knights
  3 oklob plants (Lair:4)
  24 orb spiders
  4 orc sorcerers (Orc:2)
  5 ugly things
  9 fauns
  18 manticores
  20 wolf spiders
  2 moths of wrath
  12 merfolk sirens
  5 cyclopes
  Joseph (D:8)
  3 elephants (Lair:4)
  6 vault sentinels
  A guardian serpent (shapeshifter) (D:13)
  A smoke demon (Abyss:3)
  4 torpor snails
  4 black mambas
  4 water nymphs
  14 cane toads
  A gargoyle (D:13)
  2 rime drakes (Lair:3)
  6 yaktaurs
  2 kobold demonologists (D:11)
  6 komodo dragons
  An efreet (Abyss:3)
  28 demonic crawlers
  30 merfolk
  5 trolls
  2 ancient zymes (Abyss:3)
  2 queen bees
  42 jumping spiders
  A polar bear (Lair:6)
  7 wind drakes
  3 meliai (Spider:3)
  10 hornets
  14 snapping turtles
  34 slime creatures
  8 raiju (Abyss:3)
  11 dream sheep
  9 blink frogs
  19 tarantellas
  A small abomination (Abyss:3)
  A ynoxinul (Abyss:3)
  43 redbacks
  53 yaks
  9 wyverns
  A wyvern (shapeshifter) (D:13)
  A shadow (D:11)
  7 water elementals
  5 wraiths
  A neqoxec (Abyss:3)
  8 basilisks
  Grum (D:8)
  8 vampire mosquitoes
  3 spatial vortices (Abyss:3)
  A steam dragon (D:6)
  3 wargs
  2 acid dragons (D:11)
  2 hell hounds (Lair:5)
  20 water moccasins
  3 large abominations (Abyss:3)
  3 ice beasts
  A hornet zombie (D:8)
  21 orc warriors
  A sky beast (D:5)
  3 black bears
  11 wolves
  3 boggarts (Vaults:1)
  6 ogres
  6 centaurs
  3 kobold brigands
  12 bullfrogs
  A gnoll sergeant (D:12)
  A scorpion (D:5)
  2 wyvern skeletons
  2 water moccasin skeletons
  A ballistomycete (Lair:4)
  57 killer bees
  11 wights
  6 electric eels
  A quasit (Abyss:3)
  2 bullfrog zombies
  2 centaur zombies
  22 orc priests
  4 hounds
  A jelly (D:7)
  2 bullfrog skeletons
  A gnoll shaman (D:8)
  2 iguanas
  19 orc wizards
  2 hell rats (D:7)
  A killer bee zombie (D:7)
  2 hound skeletons (D:4)
  A howler monkey zombie (D:9)
  Robin (D:4)
  16 gnolls
  14 adders
  15 river rats
  An adder zombie (D:5)
  An adder skeleton (D:4)
  2 worms
  2 dart slugs (D:4)
  91 orcs
  5 bats
  8 endoplasms
  9 giant cockroaches
  14 goblins
  8 hobgoblins
  7 jackals
  6 quokkas
  10 ball pythons
  8 frilled lizards (D:2)
  23 kobolds
  23 rats
  A ballistomycete spore (Lair:4)
  A starspawn tentacle (Abyss:3)
1226 creatures vanquished.

Vanquished Creatures (collateral kills)
  A merfolk impaler (Shoals:4)
  A merfolk javelineer (Shoals:4)
  A catoblepas (Lair:4)
  An alligator snapping turtle (Shoals:4)
  A merfolk avatar (Shoals:4)
  A merfolk aquamancer (Shoals:1)
  An orb spider (Spider:4)
  A faun (Shoals:3)
  2 wind drakes
  2 jumping spiders (Spider:4)
  4 merfolk
  A snapping turtle (Shoals:3)
  2 redbacks (Spider:4)
  A water elemental (Shoals:3)
20 creatures vanquished.

Vanquished Creatures (others)
  A sea snake (Shoals:3)
  A jumping spider (Spider:1)
  3 centaurs (Volcano)
  A small abomination (Abyss:3)
  9 ballistomycete spores (Lair:4)
  31 fungi
  161 plants
  A starspawn tentacle (Abyss:3)
  8 tentacles
  A withered plant (Shoals:3)
217 creatures vanquished.

Grand Total: 1463 creatures vanquished

Notes
Turn   | Place    | Note
-------+----------+-------------------------------------------
     0 | D:1      | mhtbhm the Minotaur Berserker began the quest for the Orb.
     0 | D:1      | Reached XP level 1. HP: 19/19 MP: 0/0
   480 | D:1      | Reached skill level 4 in Axes
   480 | D:1      | Reached XP level 2. HP: 27/27 MP: 1/1
   713 | D:1      | Found a faded altar of an unknown god.
   896 | D:1      | Reached ** piety under Trog
   897 | D:1      | Reached XP level 3. HP: 26/34 MP: 2/2
  1809 | D:2      | Reached XP level 4. HP: 21/41 MP: 3/3
  2546 | D:2      | Found Disadiv's Book Shoppe.
  2578 | D:2      | Found an opulent altar of Gozag.
  2839 | D:3      | Reached skill level 5 in Fighting
  2839 | D:3      | Reached skill level 5 in Axes
  2841 | D:3      | Reached XP level 5. HP: 31/48 MP: 4/4
  3221 | D:3      | Found a basalt altar of Yredelemnul.
  3264 | D:3      | Reached *** piety under Trog
  3682 | D:4      | Reached XP level 6. HP: 56/56 MP: 5/5
  4055 | D:4      | Reached skill level 6 in Axes
  4640 | D:4      | Reached XP level 7. HP: 62/62 MP: 6/6
  4766 | D:4      | Noticed Robin
  4772 | D:4      | Killed Robin
  4773 | D:4      | Reached skill level 1 in Stealth
  4794 | D:4      | Reached skill level 7 in Axes
  4794 | D:4      | Reached **** piety under Trog
  5348 | D:4      | Identified a scroll of acquirement
  5354 | D:4      | Acquired a +0 antimagic broad axe
  5387 | D:5      | Entered Level 5 of the Dungeon
  5417 | D:5      | Found Jomavuni's General Store.
  5423 | D:5      | Found Feim's Distillery.
  5447 | D:5      | Found Miegul's Antique Armour Boutique.
  5499 | D:5      | Bought a glowing chain mail for 202 gold pieces
  5548 | D:5      | Reached skill level 8 in Axes
  5919 | D:5      | Found Doicw's Book Shoppe.
  6025 | D:5      | Reached XP level 8. HP: 64/71 MP: 2/7
  6416 | D:5      | You fall into a shaft and drop 3 floors!
  6757 | D:8      | Reached skill level 9 in Axes
  6757 | D:8      | Reached skill level 5 in Dodging
  7120 | D:8      | Noticed a two-headed ogre
  7127 | D:8      | Killed a two-headed ogre
  7128 | D:8      | Reached skill level 10 in Axes
  7128 | D:8      | Reached XP level 9. HP: 44/79 MP: 2/8
  7869 | D:8      | Reached skill level 11 in Axes
  8062 | D:8      | Noticed Grum
  8074 | D:8      | Killed Grum
  8298 | D:8      | Noticed Joseph
  8311 | D:8      | Killed Joseph
  8551 | D:8      | Found a shadowy altar of Dithmenos.
  8910 | D:8      | Reached skill level 12 in Axes
  8910 | D:8      | Reached XP level 10. HP: 90/90 MP: 9/9
  8910 | D:8      | Reached ***** piety under Trog
  9531 | D:7      | Received a gift from Trog
  9935 | D:7      | Found a staircase to the Ecumenical Temple.
  9936 | D:7      | Noticed Pikel
  9946 | D:7      | Killed Pikel
 10290 | D:7      | Found a burning altar of Makhleb.
 10768 | D:6      | Found a glowing drain.
 10772 | Sewer    | Entered a sewer
 10821 | Sewer    | Reached skill level 13 in Axes
 11134 | D:6      | Found a snail-covered altar of Cheibriados.
 12313 | D:9      | Found a blossoming altar of Fedhas.
 12489 | D:9      | Found a stormy altar of Qazlal.
 12558 | D:9      | Found a broken altar of Ashenzari.
 13237 | D:10     | Entered Level 10 of the Dungeon
 13368 | D:10     | Received a gift from Trog
 13942 | D:10     | Reached skill level 14 in Axes
 14153 | D:10     | Reached XP level 11. HP: 76/99 MP: 10/10
 14707 | D:10     | Found Isastum's Overcharged Wands.
 14860 | D:10     | Reached skill level 10 in Fighting
 14860 | D:10     | Reached skill level 1 in Evocations
 15411 | D:10     | Acquired the +11 executioner's axe "Icwemm" {protect, Fly
                  | rPois Dex-5}
 16536 | D:11     | Found a staircase to the Lair.
 16555 | D:11     | Reached skill level 15 in Axes
 16570 | Lair:1   | Entered Level 1 of the Lair of Beasts
 16844 | Lair:1   | Noticed a six-headed hydra
 16853 | Lair:1   | Killed a ten-headed hydra
 17140 | Lair:1   | Identified the +7 plate armour of Liberty {Drain Int+4
                  | Dex+3}
 17728 | Lair:1   | Reached skill level 10 in Armour
 17729 | Lair:1   | Received a gift from Trog
 17942 | Lair:1   | Reached skill level 16 in Axes
 17947 | Lair:1   | Reached XP level 12. HP: 29/108 MP: 11/11
 18289 | Lair:1   | Found a stormy altar of Qazlal.
 18711 | Lair:1   | Acquired a manual of Dodging
 19553 | Lair:2   | Found a runed translucent gate.
 19553 | Lair:2   | Found a runed translucent gate.
 19553 | Lair:2   | Found a runed translucent gate.
 19555 | Lair:2   | Noticed a 12-headed hydra
 19555 | Lair:2   | Noticed Persephone's ghost (journeyman MiFi)
 19556 | Lair:2   | Noticed a 12-headed hydra
 19570 | Lair:2   | Killed a 15-headed hydra
 19572 | Lair:2   | Killed Persephone's ghost
 19573 | Lair:2   | Reached skill level 17 in Axes
 19574 | Lair:2   | Killed a 16-headed hydra
 19867 | Lair:2   | You are sucked into a shaft and drop 1 floor!
 20514 | Lair:3   | Identified the -7 cloak of the Thistle {+Blink Dex+4}
 20675 | Lair:3   | Reached XP level 13. HP: 88/119 MP: 12/12
 20859 | Lair:3   | Reached skill level 18 in Axes
 20862 | Lair:3   | Reached ****** piety under Trog
 20863 | Lair:3   | Found a staircase to the Shoals.
 21189 | Lair:3   | Received a gift from Trog
 21452 | Lair:4   | Found a hole to the Spider Nest.
 22779 | Lair:4   | Found the +2 robe of Vines {NoPotionHeal Regen+++}
 24122 | Lair:5   | Found a shimmering altar of Xom.
 24289 | Lair:5   | Reached skill level 19 in Axes
 24303 | Lair:5   | Found a dark tunnel.
 24318 | Volcano  | Entered a volcano
 24607 | Volcano  | Found a radiant altar of Vehumet.
 25150 | Lair:5   | Received a gift from Trog
 25997 | Lair:6   | Entered Level 6 of the Lair of Beasts
 26038 | Lair:6   | Reached XP level 14. HP: 111/130 MP: 13/13
 26705 | Lair:6   | Found a runed translucent door.
 26706 | Lair:6   | Found a viscous altar of Jiyva.
 26707 | Lair:6   | Noticed an acid blob
 26718 | Lair:6   | Found a staircase to the Slime Pits.
 26718 | Lair:6   | Noticed an acid blob
 26963 | Lair:6   | Reached skill level 20 in Axes
 27490 | Lair:6   | Received a gift from Trog
 27854 | Lair:6   | Killed an acid blob
 27858 | Lair:6   | Killed an acid blob
 29101 | D:12     | Noticed Fannar
 29108 | D:12     | Killed Fannar
 29247 | D:12     | Found a staircase to the Orcish Mines.
 29418 | Orc:1    | Entered Level 1 of the Orcish Mines
 29848 | Orc:1    | Received a gift from Trog
 29983 | Orc:2    | Entered Level 2 of the Orcish Mines
 30226 | Orc:2    | Found a staircase to the Elven Halls.
 30382 | Orc:2    | Received a gift from Trog
 30387 | Orc:2    | Reached skill level 15 in Fighting
 30387 | Orc:2    | Reached skill level 21 in Axes
 30388 | Orc:2    | Reached XP level 15. HP: 135/141 MP: 14/14
 30784 | Orc:2    | Found Jiklen's Antique Weapon Boutique.
 31431 | Orc:2    | Found Gawnaoqo's General Store.
 31432 | Orc:2    | Found Hiamiger's Assorted Antiques.
 31485 | Orc:2    | Found Diebbuqaal's Antique Weapon Emporium.
 31498 | Orc:2    | Bought a scroll of identify for 74 gold pieces
 31601 | D:13     | Found a gate to the Vaults.
 32997 | Lair:1   | You are sucked into a shaft and drop 1 floor!
 33119 | Shoals:1 | Entered Level 1 of the Shoals
 33168 | Shoals:1 | Received a gift from Trog
 33381 | Shoals:1 | Reached skill level 22 in Axes
 33527 | Shoals:1 | Noticed Josephine
 33528 | Shoals:1 | Noticed Donald
 33535 | Shoals:1 | Killed Josephine
 33541 | Shoals:1 | Killed Donald
 33545 | Shoals:1 | Found a runed translucent gate.
 33546 | Shoals:1 | Found a runed translucent gate.
 33547 | Shoals:1 | Found a runed translucent gate.
 33549 | Shoals:1 | Noticed Cedruin's ghost (adept DrAr)
 34524 | Shoals:1 | Identified the +8 trident "Omioxt" {vorpal, Dex+3}
 35065 | Shoals:1 | Killed Cedruin's ghost
 35222 | Shoals:1 | Identified the -1 pair of gloves of Xuebb {rN+}
 35224 | Shoals:1 | Identified the +0 cloak of Duck's Teeth {rN+}
 35612 | Shoals:2 | Received a gift from Trog
 36019 | Shoals:2 | HP: 7/144 [faun/stone[a satyr] (16)]
 36365 | Shoals:2 | Reached XP level 16. HP: 150/151 MP: 15/15
 37405 | Shoals:2 | Noticed a kraken
 37415 | Shoals:2 | Killed a kraken
 37661 | Shoals:3 | Found Pipran's Jewellery Shop.
 37851 | Shoals:3 | Bought the ring "Huaxeple" {AC+4 Str+4} for 925 gold pieces
 37883 | Shoals:3 | Reached skill level 23 in Axes
 37903 | Shoals:3 | Received a gift from Trog
 37948 | Shoals:3 | Reached skill level 15 in Armour
 39029 | Shoals:4 | Entered Level 4 of the Shoals
 39069 | Shoals:4 | HP: 2/152 [merfolk javelineer/javelin (20)]
 39914 | Shoals:4 | Got a barnacled rune of Zot
 41317 | Shoals:4 | Found the +2 ratskin cloak {*Rats rPois rN+ Str-1 Int-1
                  | Dex+1}
 41464 | Shoals:4 | Found Tehedd's Book Boutique.
 42103 | Spider:1 | Entered Level 1 of the Spider Nest
 42130 | Spider:1 | Reached XP level 17. HP: 161/161 MP: 16/16
 42134 | Spider:1 | Reached skill level 24 in Axes
 42151 | Spider:1 | Received a gift from Trog
 42900 | Spider:2 | Noticed Arachne
 43212 | Spider:1 | Killed Arachne
 44796 | Spider:2 | Acquired a manual of Evocations
 44955 | Spider:3 | Received a gift from Trog
 45337 | Spider:3 | Reached skill level 25 in Axes
 45998 | Spider:4 | Entered Level 4 of the Spider Nest
 46596 | Spider:4 | Identified the +5 battleaxe of Checkmate {vorpal, rN++
                  | Int-4} (Trog gifted it to you on level 4 of the Spider
                  | Nest)
 46596 | Spider:4 | Received a gift from Trog
 46606 | Spider:4 | Reached XP level 18. HP: 172/172 MP: 17/17
 46771 | Spider:4 | Received a gift from Trog
 47093 | Spider:4 | Got a gossamer rune of Zot
 47833 | Vaults:1 | Entered Level 1 of the Vaults
 47869 | Vaults:1 | Reached skill level 26 in Axes
 47955 | Vaults:1 | Acquired a manual of Armour
 48697 | Vaults:1 | Found Gocleobiz's Book Shop.
 48729 | Vaults:1 | Bought a manual of Evocations for 1040 gold pieces
 49038 | Vaults:1 | Identified the +7 battleaxe "Gaffush" {vorpal, rC+ SInv}
                  | (Trog gifted it to you on level 1 of the Vaults)
 49038 | Vaults:1 | Received a gift from Trog
 49044 | Vaults:1 | Reached skill level 5 in Evocations
 49627 | Vaults:1 | Acquired 1128 gold pieces
 49762 | Vaults:2 | Found a huge runed gate.
 49762 | Vaults:2 | Found a huge runed gate.
 49762 | Vaults:2 | Found a huge runed gate.
 49762 | Vaults:2 | Found a huge runed gate.
 49762 | Vaults:2 | Found a huge runed gate.
 49762 | Vaults:2 | Found a huge runed gate.
 49763 | Vaults:2 | Found a huge runed gate.
 49763 | Vaults:2 | Found a huge runed gate.
 49763 | Vaults:2 | Found a huge runed gate.
 49763 | Vaults:2 | Found a huge runed gate.
 49766 | Vaults:2 | Found a huge runed gate.
 49766 | Vaults:2 | Found a huge runed gate.
 49766 | Vaults:2 | Found a huge runed gate.
 49766 | Vaults:2 | Found a huge runed gate.
 49766 | Vaults:2 | Found a huge runed gate.
 49766 | Vaults:2 | Found a huge runed gate.
 49767 | Vaults:2 | Found a huge runed gate.
 49768 | Vaults:2 | Found a huge runed gate.
 49769 | Vaults:2 | Found a huge runed gate.
 49777 | Vaults:2 | Found a huge runed gate.
 49777 | Vaults:2 | Found a huge runed gate.
 49777 | Vaults:2 | Found a huge runed gate.
 49777 | Vaults:2 | Found a huge runed gate.
 49777 | Vaults:2 | Found a huge runed gate.
 49777 | Vaults:2 | Found a huge runed gate.
 49779 | Vaults:2 | Found a huge runed gate.
 49780 | Vaults:2 | Found a huge runed gate.
 49781 | Vaults:2 | Found a huge runed gate.
 49782 | Vaults:2 | Noticed Nikola
 49787 | Vaults:2 | Found an ancient bone altar of Kikubaaqudgha.
 49787 | Vaults:2 | Found a staircase to the Crypt.
 49787 | Vaults:2 | Found a basalt altar of Yredelemnul.
 50091 | Vaults:2 | You are sucked into a shaft and drop 2 floors!
 50120 | Vaults:4 | Reached skill level 1 in Shields
 50120 | Vaults:4 | Cast into level 3 of the Abyss (a wizard)
 50274 | Abyss:3  | Gained mutation: Your spells are easier to cast, but less
                  | powerful. [a neqoxec]
 50294 | Abyss:3  | Reached XP level 19. HP: 131/183 MP: 18/18
 50318 | Abyss:3  | Identified the ring of the Worm {rC+ MP+9}
 50525 | Vaults:4 | Escaped the Abyss
 50532 | Vaults:4 | Received a gift from Trog
 50536 | Vaults:4 | Noticed Mennas
 50543 | Vaults:4 | Slain by a white ugly thing

Illustrated notes

Levels and vault maps discovered:
D:1:      dpeg_arrival_pits, layout_loops_ring, basic_ecumenical_altar,
          minivault_26
D:2:      layout_basic, serial_shops, nicolae_shop_statue_plus, basic_altar,
          kennysheep_small_spiral, skrybe_limestone_x, minmay_lizard_king
D:3:      minmay_spotlight, layout_rooms, lemuel_round_altar
D:4:      minmay_inner_zag, layout_basic, uniq_robin
D:5:      layout_loops_ring, serial_shops, nicolae_shop_trees,
          nicolae_take_the_stairs, shop_fountains, nicolae_shop_crystal
D:6:      layout_gridville, mainiacjoe_overflow_six_doors_small,
          gup_sewer_entry_spiral
D:7:      lemuel_ratsnest, layout_loops_ring, makhleb_heckhound_becter,
          minmay_temple_entry_glass, uniq_pikel
D:8:      layout_basic, grunt_dithmenos_smoke_and_mirrors, special_room
          [special_room_orc], uniq_grum, uniq_joseph
D:9:      layout_irregular_city, lemuel_round_altar, fedhas_altar_3,
          old_standard_altar, serial_glass, glass_columns_b, glass_columns_a,
          glass_columns_c, glass_columns_a, glass_columns_a,
          minmay_misc_feat_plants, minmay_stone_trees_large
D:10:     layout_basic, serial_curves, eino_curves_04, eino_curves_03,
          eino_curves_02, nicolae_shop_overcharged_wands
D:11:     layout_basic, david_lair_shrubbed
D:12:     layout_stronghold, orc_0_dummy, uniq_fannar
D:13:     layout_roguey, erik_vaults_1, minmay_fractal_squares_gapless_7
Lair:1:   layout_layer_cave, basic_altar, minmay_shattered_shrine
Lair:2:   layout_roguey, gammafunk_ghost_hydra_chop
Lair:3:   regret_index_wax_grids, layout_regular_city, elwin_shoals_entry_stream
Lair:4:   layout_small_grid, nicolae_spider_entry_orb_guardian,
          hellmonk_guarded_unrand_vines, serial_bayou_shore_b,
          minmay_lair_oklob_chamber
Lair:5:   layout_layer_cave, enter_volcano_3, basic_altar
Lair:6:   evilmike_catoblepas_cave, layout_small_grid, slime_altar_2
Shoals:1: layout_shoals, gammafunk_ghost_tricky_traps, uniq_donald,
          uniq_josephine
Shoals:2: layout_shoals, yaktaur_hedge
Shoals:3: layout_shoals, nicolae_stop_n_shop_2, argonaut_gorgonesque
Shoals:4: shoals_end_simple, layout_shoals, serial_shops, shop, shoals_oasis
Spider:1: layout_spider_delve, worms_lemuel
Spider:2: layout_spider_delve, hangedman_spider_tarantella_strand, uniq_arachne
Spider:3: nicolae_spider_hall_of_the_moth_king, nicolae_spider_cling_halls
Spider:4: guppyfry_spider_rune
Orc:1:    layout_caves, special_room [special_room_bee]
Orc:2:    st_orc_elflike, layout_caves, special_room
Vaults:1: nicolae_vaults_network_periphery, grunt_vaults_trifunnel,
          hangedman_vaults_slice, ontoclasm_vaults_decontamination,
          vaults_dpeg_ring, ontoclasm_vaults_ligature, ontoclasm_vaults_gateway,
          hangedman_vaults_maws, nicolae_vaults_rhombus_7,
          nicolae_vaults_asterisk, ontoclasm_vaults_hangar, v_misc_8,
          nicolae_vaults_theta, vaults_dpeg_diagonal, layout_vaults_ring,
          serial_shops, shop
Vaults:2: minmay_crypt_entry_necro_gods, vaults_mumra_chevron,
          hangedman_vaults_restitches, vaults_not_door_vault_due,
          vaults_dpeg_doors, vaults_mumra_minichess, v_misc_16,
          vaults_dpeg_spiral, hangedman_vaults_restitches, v_alt_pattern_1,
          v_pattern_3, nicolae_vaults_little_squares_1,
          vaults_standard_mumra_enter_the_diamond, ontoclasm_vaults_hangar,
          layout_vaults_omnibox, serial_shops, statue_bzr, uniq_sojobo,
          uniq_nikola
Vaults:4: vaults_mumra_minichess_inversion, ontoclasm_vaults_hangar,
          nicolae_vaults_network_s, v_alt_pattern_6, vaults_room_door_hall,
          vaults_mumra_chevron_long, ontoclasm_vaults_tryst,
          layout_vaults_big_cross, serial_shops, nicolae_shop_crystal,
          uniq_mennas, uniq_mara

Skill      XL: |  1  2  3  4  5  6  7  8  9 10 11 12 13 14 15 16 17 18 19 |
---------------+----------------------------------------------------------+-----
Axes           | 4 5 6 8 10 12 14 16 17 19 21 22 23 25 26 | 26.1
Fighting       | 4 5 6 7 8 9 10 12 13 15 16 17 18 19 | 19.8
Dodging        | 3 4 5 6 7 8 |  8.5
Armour         | 3 4 6 8 9 10 11 12 13 14 15 16 18 | 18.3
Stealth        | 1 2 3 |  3.7
Evocations     | 1 2 3 6 7 |  7.0
Shields        | 1 |  1.4
Throwing       | |  0.1

Action                   |  1- 3 |  4- 6 |  7- 9 | 10-12 | 13-15 | 16-18 | 19-21 || total
-------------------------+-------+-------+-------+-------+-------+-------+-------++-------
Melee: Hand axe          |    73 |    89 |       |       |       |       |       ||   162
       Headbutt          |    10 |    30 |    32 |    88 |   119 |   200 |     6 ||   485
       War axe           |       |    75 |    43 |    56 |       |       |       ||   174
       Broad axe         |       |       |    90 |       |       |       |       ||    90
       Battleaxe         |       |       |    51 |   223 |       |       |       ||   274
       Executioner's axe |       |       |       |   256 |   595 |   842 |    38 ||  1731
Throw: Javelin           |       |       |       |       |       |     1 |       ||     1
       Throwing net      |       |       |       |       |       |     1 |       ||     1
Invok: Berserk           |     1 |     4 |     9 |     5 |    14 |    16 |     1 ||    50
       Brothers in Arms  |       |       |       |       |     2 |     4 |       ||     6
Evoke: Wand              |       |       |       |    17 |    21 |    21 |       ||    59
       Lightning rod     |       |       |       |       |       |     5 |       ||     5
       Tin of tremorston |       |       |       |       |       |     2 |       ||     2
  Use: Scroll            |       |     1 |     7 |     9 |    21 |    12 |     1 ||    51
       Potion            |       |       |     1 |       |     7 |     5 |     1 ||    14
 Stab: Petrified         |       |       |       |       |     3 |       |       ||     3
       Paralysed         |       |       |       |       |       |     2 |       ||     2
       Distracted        |       |       |       |       |       |     1 |       ||     1
Armor: Animal skin       |    11 |    11 |       |       |       |       |       ||    22
       Leather armour    |       |    13 |    10 |       |       |       |       ||    23
       Chain mail        |       |       |    70 |       |       |       |       ||    70
       Ring mail         |       |       |     2 |   147 |       |       |       ||   149
       Plate armour      |       |       |       |   239 |   629 |   935 |    18 ||  1821
Dodge: Dodged            |    50 |    77 |   124 |   349 |   351 |   468 |    15 ||  1434
Block: Other             |       |       |       |       |       |    12 |     7 ||    19
